 Dungeon Crawl Stone Soup version 0.30-a0-4-ga7cffc901d (webtiles) character file.

Game seed: 9970056270942063372

247 siradein the Trooper (level 5, -7/37 HPs)
             Began as a Vampire Fighter on Aug 20, 2022.
             Killed by divine providence
             ... invoked by an orc priest
              (15 damage)
             ... on level 3 of the Dungeon.
             The game lasted 00:05:23 (2208 turns).

siradein the Trooper (Vampire Fighter)              Turns: 2208, Time: 00:05:24

Health: -7/37      AC: 10    Str: 15    XL:     5   Next: 85%
Magic:  0/5        EV: 12    Int: 16    God:
Gold:   135        SH:  5    Dex: 14    Spells: 0/4 levels left

rFire   . . .      SeeInvis +    a - +0 long sword
rCold   x . .      Faith    .    c - +0 buckler
rNeg    . . .      Spirit   +    b - +0 scale mail
rPois   .          Reflect  .    (no helmet)
rElec   +          Harm     .    (no cloak)
rCorr   .          Rampage  .    (no gloves)
Will    .....                    n - +2 pair of boots "Oxalyoto" {Fly rElec rC- Int+4}
Stlth   ..........               u - amulet of guardian spirit
HPRegen 0.32/turn                t - +4 ring of evasion
MPRegen 0.09/turn                (no ring)

@: flying, healing quickly
A: alive, fangs 3, see invisible, vampiric 2, [frail 1]
a: Exsanguinate


You were on level 3 of the Dungeon.
You visited 1 branch of the dungeon, and saw 3 of its levels.

You collected 135 gold pieces.

Inventory:

Hand Weapons
 a - a +0 long sword (weapon)
Armour
 b - a +0 scale mail (worn)
 c - a +0 buckler (worn)
 n - the +2 pair of boots "Oxalyoto" (worn) {Fly rElec rC- Int+4}
   (You found it on level 2 of the Dungeon)

   Int:       It affects your intelligence (+4).
   rC:        It makes you vulnerable to cold.
   rElec:     It insulates you from electricity.
   Fly:       It grants you flight.
Jewellery
 t - a +4 ring of evasion (left hand)
 u - an amulet of guardian spirit (around neck)
Scrolls
 e - 2 scrolls of teleportation {unknown}
 f - 2 scrolls of immolation
 g - a scroll of torment {unknown}
 i - 2 scrolls of enchant weapon {unknown}
 k - a scroll of silence {unknown}
 l - a scroll of summoning {unknown}
 o - a scroll of fear {unknown}
 s - a scroll of noise {unknown}
 v - a scroll of poison {unknown}
Potions
 d - 3 potions of might
 h - a potion of attraction {unknown}
 j - a potion of haste {unknown}
 m - 4 potions of curing {unknown}
 p - a potion of flight {unknown}
 q - a potion of heal wounds {unknown}
 r - a potion of berserk rage {unknown}


   Skills:
 + Level 3.7 Fighting
 + Level 3.4 Long Blades
 + Level 3.4 Armour
 + Level 3.7 Shields
 + Level 0.9 Necromancy


You couldn't memorise any spells.
You knew the following spells:

 Your Spells              Type           Power      Damage    Failure   Level
a - Animate Dead          Necr           3%         N/A       100%        4

Your spell library contained the following spells:

 Spells                   Type           Power      Damage    Failure   Level
 Apportation              Tloc           0%         N/A       77%         1
 Inner Flame              Hex/Fire       0%         N/A       98%         3
 Cause Fear               Hex            0%         N/A       100%        4
 Alistair's Intoxication  Tmut/Pois      0%         N/A       100%        5
 Haunt                    Necr/Summ      0%         N/A       100%        7
 Discord                  Hex            0%         N/A       100%        8
 Infestation              Necr           1%         N/A       100%        8


Dungeon Overview and Level Annotations

Branches:
Dungeon (3/15)

Altars:

Annotations:
D:3 3 runed translucent doors, SensoryNuts's ghost, amateur PaFi


Innate Abilities, Weirdness & Mutations

Your natural rate of healing is accelerated.
You have razor-sharp teeth.
You have supernaturally acute eyesight. (SInv)
You are afflicted with vampirism and can become a bat while bloodless.
[You are frail. (-10% HP)]


Message History

You hit the orc.
You kill the orc!
You barely miss the orc wizard.
The orc wizard is almost dead.
The orc wizard hits you but does no damage.
You hit the orc wizard.
The orc wizard is almost dead.
The orc wizard closely misses you.
You hit the orc wizard.
You kill the orc wizard!
The orc wizard hits you but does no damage.
You hit the orc wizard.
The orc wizard is moderately wounded.
The orc priest looks satisfied for a moment.
You block the orc wizard's attack.
You closely miss the orc wizard. Your bite misses the orc wizard.
The orc wizard is moderately wounded.
The orc wizard hits you with a +0 dagger.
* * * LOW HITPOINT WARNING * * *
You hit the orc wizard.
The orc wizard is heavily wounded.
You block the orc wizard's attack.
You barely miss the orc wizard.
The orc wizard is heavily wounded.
The orc wizard gestures at you while chanting.
The puff of flame misses you.
The orc wizard hits you with a +0 dagger.
* * * LOW HITPOINT WARNING * * *
You hit the orc wizard.
The orc wizard is heavily wounded.
The orc priest casts a cantrip, but nothing happens.
The orc wizard hits you with a +0 dagger.
* * * LOW HITPOINT WARNING * * *
You slash the orc wizard!
You kill the orc wizard!
You slash the orc priest! You bite the orc priest.
The orc priest is heavily wounded.
The orc priest calls down the wrath of Beogh upon you.
Beogh smites you!
You die...

...#.### #....o#..# ....###..#
.#.#...# #...oo#.## .......##..
.#.###.### #....o#.# ..###....##.
.#.#.....# #.....#.#.....##....#.
.#.#...#.###.....#o##.....#....#.
##.#...#...#######..#.....##...+.
#.#[..###†#....##..#...=.$#...+.
#.#...# #......##.##Z#...?#...+.
#.##### ###....@oo#..# ..##...#.
#.# ##.####.#..# #....#. ##.#
#..###.#...###....##. ...#
##..##.##.......###.. ...#
##.....###...###.... ...#
###.....#####...... ..##
#...........##.## ###
#...#..........# ###...#...###.##


You could see an orc priest and an orc.

Vanquished Creatures
  A jelly (D:3)
  2 orc wizards (D:3)
  A gnoll (D:1)
  9 adders
  A worm (D:2)
  A dart slug (D:2)
  An orc (D:3)
  11 bats
  9 endoplasms
  3 giant cockroaches (D:2)
  6 goblins
  8 hobgoblins
  2 quokkas (D:2)
  3 ball pythons (D:2)
  3 frilled lizards
  6 kobolds
  6 rats
73 creatures vanquished.

Notes
Turn   | Place    | Note
-------+----------+-------------------------------------------
     0 | D:1      | siradein the Vampire Fighter began the quest for the Orb.
     0 | D:1      | Reached XP level 1. HP: 17/17 MP: 1/1
    72 | D:1      | Reached XP level 2. HP: 20/23 MP: 2/2
   197 | D:1      | Gained mutation: You are afflicted with vampirism and can
                  | become a bat while bloodless. [Vampire growth]
   197 | D:1      | Reached XP level 3. HP: 24/29 MP: 3/3
   214 | D:1      | Found a faded altar of an unknown god.
   792 | D:2      | Reached XP level 4. HP: 16/35 MP: 4/4
   805 | D:2      | Identified the +2 pair of boots "Oxalyoto" {Fly rElec rC-
                  | Int+4}
  1822 | D:3      | Reached XP level 5. HP: 35/36 MP: 5/5
  1847 | D:3      | Learned a level 4 spell: Animate Dead
  2069 | D:3      | Found a runed translucent gate.
  2069 | D:3      | Found a runed translucent gate.
  2069 | D:3      | Found a runed translucent gate.
  2172 | D:3      | Noticed SensoryNuts's ghost (amateur PaFi)
  2208 | D:3      | Killed from afar by an orc priest

Illustrated notes

Levels and vault maps discovered:
D:1:      grunt_arrival_lava_bath, layout_rooms,
          hellmonk_ecumenical_altar_blasted
D:2:      kennysheep_big_flooded_room, layout_basic, minmay_misc_feat_tiny,
          minmay_vboxes
D:3:      layout_basic, general_overflow_altar, gammafunk_ghost_icy

Skill      XL: |  1  2  3  4 |
---------------+-------------+-----
Shields        | 3 |  3.7
Fighting       | 3 |  3.7
Armour         | 3 |  3.4
Long Blades    | 3 |  3.4
Necromancy     | |  0.9

Action                   |  1- 3 |  4- 6 || total
-------------------------+-------+-------++-------
Melee: Long sword        |   104 |   136 ||   240
       Bite              |     6 |    11 ||    17
 Abil: Exsanguinate      |       |     1 ||     1
       Revivify          |       |     1 ||     1
 Stab: Sleeping          |       |     2 ||     2
Armor: Scale mail        |    54 |    86 ||   140
Dodge: Dodged            |    67 |    69 ||   136
Block: Buckler           |    23 |    41 ||    64

Table legend: (Time is in decaauts)
 A = Elapsed time spent in this place.
 B = Non-inter-level travel time spent in this place.
 C = Inter-level travel time spent in this place.
 D = Time resting spent in this place.
 E = Time spent auto-exploring this place.
 F = Levels seen in this place.
 G = Mean time per level.
                   A        B        C        D        E       F      G
               +--------+--------+--------+--------+--------+-----+--------+
         Total |   2280 |   2160 |    120 |     78 |   1461 |   3 |  760.0 |
       Dungeon |   2280 |   2160 |    120 |     78 |   1461 |   3 |  760.0 |
               +--------+--------+--------+--------+--------+-----+--------+

Top non-repeatable levels by time:
     D:2: 1142 daAuts
     D:1: 707 daAuts
     D:3: 430 daAuts
